AoeStats
← papalove

Arena

510070380Analyzed
3v3 RM · 4d ago on Sep 29, 2026· 72m 50s· 6 players
Game mode
Random Map
Map size
Normal (6 player)
Population
200
Speed
Normal
Resources
Standard
Victory
Conquest
Starting age
Dark Age
Ending age
Imperial Age
RankedLock teamsTeams togetherTeam positionsShared explorationLock speedFull tech treeHidden civsTurbo modeCheats
Victory
Defeat
🇫🇷 Franks · France
1206
+12
🇫🇷 Mongols · France
1150
+14
🇫🇷 Bohemians · France
1147
+14
🇨🇳 Celts · China
1128
-14
🇫🇷 Britons · France
1094
-13
🇹🇷 Gurjaras · Türkiye
1089
-13
caolw9
13:27 Feudal Age
13:44 Loom
15:02 Double-Bit Axe
17:25 Castle Age
15:15 Horse Collar
18:22 Bow Saw
18:14 Heavy Plow
19:00 Stone Mining
23:53 Wheelbarrow
23:05 Town Watch
23:57 Gold Mining
25:28 Gold Shaft Mining
25:28 Stone Shaft Mining
28:08 Scale Mail Armor
28:18 Forging
29:23 Stronghold
30:12 Ballistics
30:09 Fortified Wall
31:00 Hand Cart
30:46 Town Patrol
35:02 Imperial Age
33:08 Chain Mail Armor
35:26 Iron Casting
34:28 Pikeman
34:54 Arson
38:37 Imperial Age
39:08 Onager
39:22 Elite Woad Raider
40:25 Conscription
40:41 Plate Mail Armor
41:11 Blast Furnace
39:34 Halberdier
42:02 Furor Celtica
41:22 Capped Ram
41:23 Siege Onager
62:49 Fletching
65:53 Gambesons
65:29 Man-at-Arms
66:09 Long Swordsman
67:32 Two-Handed Swordsman
68:30 Champion
(DB) Ezdur
12:26 Feudal Age
16:29 Castle Age
14:49 Double-Bit Axe
15:03 Horse Collar
17:03 Loom
17:34 Bow Saw
23:11 Wheelbarrow
22:27 Town Watch
23:19 Stone Mining
29:56 Imperial Age
27:23 Gold Mining
28:28 Scale Barding Armor
30:03 Bloodlines
30:18 Forging
30:29 Husbandry
31:18 Conscription
31:25 Padded Archer Armor
32:09 Hand Cart
32:47 Chain Barding Armor
33:14 Heavy Camel Rider
35:34 Plate Barding Armor
35:36 Iron Casting
36:15 Town Patrol
36:20 Scale Mail Armor
35:45 Light Cavalry
36:34 Hussar
38:36 Kshatriyas
41:42 Chain Mail Armor
41:19 Fletching
45:15 Frontier Guards
46:54 Elite Chakram Thrower
48:31 Bodkin Arrow
49:06 Plate Mail Armor
52:07 Bracer
52:19 Caravan
54:15 Heavy Plow
55:53 Leather Archer Armor
56:10 Crop Rotation
Unknown-Ben
11:30 Feudal Age
13:41 Double-Bit Axe
16:11 Castle Age
14:17 Stone Mining
14:38 Horse Collar
16:30 Gold Mining
17:07 Bow Saw
23:51 Wheelbarrow
24:23 Ballistics
27:20 Gold Shaft Mining
27:59 Hand Cart
27:59 Heavy Plow
29:00 Fletching
29:11 Padded Archer Armor
33:38 Imperial Age
30:44 Pikeman
32:09 Yeomen
32:35 Bodkin Arrow
32:55 Leather Archer Armor
32:44 Squires
33:54 Elite Longbowman
35:00 Conscription
35:43 Chemistry
34:48 Bracer
35:19 Ring Archer Armor
34:19 Halberdier
36:29 Two-Man Saw
35:41 Town Watch
36:53 Forging
36:43 Scale Mail Armor
36:52 Siege Engineers
41:34 Iron Casting
41:15 Chain Mail Armor
43:52 Plate Mail Armor
44:22 Blast Furnace
46:42 Warwolf
papalove
11:45 Feudal Age
15:30 Castle Age
14:06 Double-Bit Axe
16:22 Husbandry
25:49 Bow Saw
27:39 Wheelbarrow
26:50 Loom
28:22 Gold Mining
28:23 Stone Mining
29:03 Forging
29:00 Scale Barding Armor
30:36 Fortified Wall
30:22 Murder Holes
31:14 Chain Barding Armor
34:25 Imperial Age
33:10 Pikeman
33:50 Squires
33:52 Scale Mail Armor
34:27 Iron Casting
33:41 Treadmill Crane
35:08 Gold Shaft Mining
35:06 Masonry
34:28 Cavalier
35:30 Conscription
35:15 Chivalry
34:37 Halberdier
35:36 Chain Mail Armor
37:19 Hoardings
36:06 Paladin
37:19 Plate Mail Armor
36:44 Town Watch
37:14 Hand Cart
40:51 Caravan
43:03 Plate Barding Armor
47:39 Blast Furnace
47:06 Light Cavalry
48:26 Arson
53:26 Architecture
64:26 Elite Throwing Axeman
72:33 Siege Engineers
73:29 Chemistry
Peaky
11:50 Feudal Age
10:06 Loom
15:53 Castle Age
18:13 Wheelbarrow
17:24 Town Watch
17:49 Double-Bit Axe
17:48 Horse Collar
18:46 Bow Saw
18:42 Heavy Plow
28:21 Hand Cart
31:04 Ballistics
31:46 Chemistry
33:50 Imperial Age
34:32 Wagenburg Tactics
34:40 Wagenburg Tactics
34:57 Conscription
35:08 Houfnice
36:17 Pikeman
36:58 Squires
36:58 Halberdier
37:25 Arson
42:40 Siege Engineers
52:11 Forging
52:02 Scale Mail Armor
55:10 Chain Mail Armor
55:31 Iron Casting
58:39 Sappers
61:57 Blast Furnace
61:27 Plate Mail Armor
68:08 Two-Man Saw
SIFFSIFF
12:01 Feudal Age
15:55 Castle Age
13:54 Double-Bit Axe
17:37 Gold Mining
18:01 Bow Saw
25:51 Horse Collar
26:19 Town Watch
27:24 Ballistics
27:36 Fletching
33:33 Imperial Age
33:43 Elite Mangudai
35:34 Chemistry
34:38 Padded Archer Armor
36:44 Wheelbarrow
36:43 Conscription
37:03 Bodkin Arrow
38:33 Husbandry
38:43 Bloodlines
40:27 Thumb Ring
39:43 Elite Skirmisher
41:13 Bracer
42:25 Hand Cart
48:14 Light Cavalry
Connection lost

Rejoining the realm…

Still unreachable

The connection could not be restored.

Session expired

The server has moved on; the page needs a fresh start.